 Dungeon Crawl Stone Soup version 0.22.1-1-ga44c0e5 (webtiles) character file.

76 empire the Grasshopper (level 4, -1/38 HPs)
             Began as a Gnoll Warper on Nov 8, 2018.
             Succumbed to Jessica's poison
             ... on level 2 of the Dungeon.
             The game lasted 00:02:18 (1224 turns).

empire the Grasshopper (Gnoll Warper)               Turns: 1224, Time: 00:02:19

Health: -1/38      AC:  5    Str: 14    XL:     4   Next: 32%
Magic:  11/11      EV: 13    Int: 15    God:
Gold:   58         SH:  0    Dex: 15    Spells: 13/13 levels left

rFire    . . .     SeeInvis .   a - +0 mace
rCold    . . .     Gourm    .   (no shield)
rNeg     . . .     Faith    .   j - +0 ring mail
rPois    .         Spirit   .   (no helmet)
rElec    .         Reflect  .   (no cloak)
rCorr    .         Harm     .   (no gloves)
MR       .....                  (no boots)
Stlth    +.........             (no amulet)
HPRegen  0.12/turn              (no ring)
MPRegen  0.12/turn              (no ring)

@: lethally poisoned (-1 -> -15)
A: distributed training, fangs 1, strong nose
a: no special abilities


You were on level 2 of the Dungeon.
You were not hungry.

You visited 1 branch of the dungeon, and saw 2 of its levels.

You collected 58 gold pieces.

Inventory:

Hand Weapons
 a - a +0 mace (weapon)
Missiles
 e - 5 tomahawks of dispersal (quivered)
Armour
 j - a +0 ring mail (worn)
Scrolls
 b - a scroll of teleportation {unknown}
 c - a scroll of enchant armour {unknown}
 d - 2 scrolls of blinking
 g - a scroll of identify {unknown}
 h - 2 scrolls of noise
 l - a scroll of fear {unknown}
 m - a scroll of amnesia {unknown}
 o - a scroll of enchant weapon {unknown}
 q - a scroll of remove curse {unknown}
Potions
 i - a potion of degeneration {unknown}
 n - a potion of agility {unknown}
 p - a potion of invisibility {unknown}
Comestibles
 f - 2 rations
 k - a chunk of flesh


   Skills:
 + Level 4.6 Fighting
 + Level 1.1 Short Blades
 + Level 1.1 Long Blades
 + Level 1.1 Axes
 + Level 4.6 Maces & Flails
 + Level 1.1 Polearms
 + Level 1.1 Staves
 + Level 1.1 Slings
 + Level 1.1 Bows
 + Level 1.1 Crossbows
 + Level 2.7 Throwing
 + Level 2.7 Armour
 + Level 4.6 Dodging
 + Level 1.1 Stealth
 + Level 1.1 Shields
 + Level 1.1 Unarmed Combat
 + Level 5.0 Spellcasting
 + Level 0.8 Conjurations
 + Level 0.8 Hexes
 + Level 0.8 Charms
 + Level 0.8 Summonings
 + Level 0.8 Necromancy
 + Level 5.4 Translocations
 + Level 0.8 Transmutations
 + Level 0.8 Fire Magic
 + Level 0.8 Ice Magic
 + Level 0.8 Air Magic
 + Level 0.8 Earth Magic
 + Level 0.8 Poison Magic
 + Level 1.2 Invocations
 + Level 1.1 Evocations


You had 13 spell levels left.
You didn't know any spells.
Your spell library contained the following spells:

 Spells                   Type           Power        Failure   Level  Hunger
 Blink                    Tloc           N/A          4%          2    ##.....
 Gell's Gravitas          Tloc           ###.......   10%         3    ###....
 Lesser Beckoning         Tloc           ###.......   10%         3    ###....
 Teleport Other           Tloc           ###.....     10%         3    ###....
 Shroud of Golubria       Chrm/Tloc      ##........   13%         2    ##.....
 Passage of Golubria      Tloc           N/A          32%         4    ####...


Dungeon Overview and Level Annotations

Branches:
Dungeon (2/15)

Altars:


Innate Abilities, Weirdness & Mutations

Your experience applies equally to all skills.
You have very sharp teeth.
Your uncanny sense of smell can sniff out nearby items.


Message History

* * * LOW HITPOINT WARNING * * *
You feel sick. The hobgoblin barely misses you.
The rat bites you but does no damage.
You sock the rat!
You kill the rat!
* * * LOW HITPOINT WARNING * * *
You feel sick.
The hobgoblin hits you but does no damage.
The rat twitches its whiskers.
You hit the hobgoblin.
You kill the hobgoblin!
* * * LOW HITPOINT WARNING * * *
You feel sick. The rat closely misses you.
You hit the rat.
The rat is severely wounded.
* * * LOW HITPOINT WARNING * * *
You feel sick. The rat misses you.
You closely miss the rat.
The rat is severely wounded.
You die...

#.# #.# #.
#.# ##.#
#.#
...K)##.#
........#
...###.###
#......r)#
######.#@#
#.#.#
#.#)# ∆
#r#.#
#.#.#####
#.#(...<#
#.#######


You could see a rat.

Vanquished Creatures
  Jessica (D:2)
  2 dart slugs
  2 leopard geckos (D:1)
  A ball python (D:1)
  4 giant cockroaches (D:1)
  5 goblins
  6 hobgoblins
  7 jackals (D:1)
  3 kobolds
  A bat (D:1)
  8 rats
40 creatures vanquished.

Notes
Turn   | Place    | Note
-------+----------+-------------------------------------------
     0 | D:1      | empire the Gnoll Warper began the quest for the Orb.
     0 | D:1      | Reached XP level 1. HP: 20/20 MP: 6/6
   106 | D:1      | Reached XP level 2. HP: 24/26 MP: 7/7
   649 | D:1      | Reached XP level 3. HP: 28/31 MP: 9/9
   747 | D:1      | Reached skill level 5 in Spellcasting
   791 | D:1      | Reached skill level 1 in Invocations
  1201 | D:2      | Noticed Jessica
  1216 | D:2      | Killed Jessica
  1216 | D:2      | Reached skill level 1 in Short Blades
  1216 | D:2      | Reached skill level 1 in Long Blades
  1216 | D:2      | Reached skill level 1 in Axes
  1216 | D:2      | Reached skill level 1 in Polearms
  1216 | D:2      | Reached skill level 1 in Staves
  1216 | D:2      | Reached skill level 1 in Slings
  1216 | D:2      | Reached skill level 1 in Bows
  1216 | D:2      | Reached skill level 1 in Crossbows
  1216 | D:2      | Reached skill level 1 in Stealth
  1216 | D:2      | Reached skill level 1 in Shields
  1216 | D:2      | Reached skill level 1 in Unarmed Combat
  1216 | D:2      | Reached skill level 1 in Evocations
  1216 | D:2      | Reached XP level 4. HP: 16/38 MP: 11/11
  1223 | D:2      | HP: 1/38 [poisoned by Jessica]
  1224 | D:2      | Succumbed to Jessica's poison

Skill      XL: |  1  2  3 |
---------------+----------+-----
Spellcasting   | 5 |  5.0
Invocations    | 1 |  1.2
Short Blades   | 1 |  1.1
Long Blades    | 1 |  1.1
Axes           | 1 |  1.1
Polearms       | 1 |  1.1
Staves         | 1 |  1.1
Slings         | 1 |  1.1
Bows           | 1 |  1.1
Crossbows      | 1 |  1.1
Stealth        | 1 |  1.1
Shields        | 1 |  1.1
Unarmed Combat | 1 |  1.1
Evocations     | 1 |  1.1
Fighting       | |  4.6
Maces & Flails | |  4.6
Throwing       | |  2.7
Armour         | |  2.7
Dodging        | |  4.6
Conjurations   | |  0.8
Hexes          | |  0.8
Charms         | |  0.8
Summonings     | |  0.8
Necromancy     | |  0.8
Translocations | |  5.4
Transmutations | |  0.8
Fire Magic     | |  0.8
Ice Magic      | |  0.8
Air Magic      | |  0.8
Earth Magic    | |  0.8
Poison Magic   | |  0.8

Action                   |  1- 3 |  4- 6 || total
-------------------------+-------+-------++-------
Melee: Mace              |   122 |     7 ||   129
       Bite              |    13 |       ||    13
  Use: Scroll            |     1 |       ||     1
  Eat: Chunk             |     1 |       ||     1
Armor: Leather armour    |     8 |       ||     8
       Ring mail         |    40 |     2 ||    42
Dodge: Dodged            |    90 |     9 ||    99
